 Dungeon Crawl Stone Soup version 0.28.0-53-g5a82cb258f (webtiles) character file.

Game seed: 15949233415657287840

56 MiltankisOP the Ruffian (level 3, -1/36 HPs)
             Began as a Troll Monk on July 12, 2022.
             Slain by an orc warrior
             ... wielding a +0 long sword
              (3 damage)
             ... on level 4 of the Dungeon.
             The game lasted 00:01:19 (1126 turns).

MiltankisOP the Ruffian (Troll Monk)                Turns: 1126, Time: 00:01:20

Health: -1/36      AC:  4    Str: 21    XL:     3   Next: 71%
Magic:  2/2        EV: 10    Int:  6    God:
Gold:   101        SH:  0    Dex: 12    Spells: 2/2 levels left

rFire   . . .      SeeInvis .     - Unarmed
rCold   . . .      Faith    .   (no shield)
rNeg    . . .      Spirit   .   a - +0 robe
rPois   .          Reflect  .   (helmet restricted)
rElec   .          Harm     .   (no cloak)
rCorr   .          Rampage  .   (gloves unavailable)
Will    .....                   (boots unavailable)
Stlth   ++........              (no amulet)
HPRegen 0.92/turn               (no ring)
MPRegen 0.08/turn               (no ring)

@: no status effects
A: large, unfitting armour, claws 3, regeneration 1, shaggy fur 1, tough skin 1
a: no special abilities


You were on level 4 of the Dungeon.
You visited 1 branch of the dungeon, and saw 3 of its levels.

You collected 101 gold pieces.

Inventory:

Armour
 a - a +0 robe (worn)
Scrolls
 b - a scroll of amnesia {unknown}
 c - a scroll of summoning {unknown}
 d - 2 scrolls of enchant armour {unknown}
 e - a scroll of teleportation {unknown}
 f - 2 scrolls of vulnerability {unknown}
 h - a scroll of noise {unknown}
 i - a scroll of enchant weapon {unknown}
 j - a scroll of holy word {unknown}
Potions
 g - a potion of attraction {unknown}
 k - a potion of cancellation {unknown}


   Skills:
 - Level 2.4 Fighting
 - Level 2.4 Dodging
 - Level 1.1 Stealth
 + Level 4.5 Unarmed Combat


You had 2 spell levels left.
You didn't know any spells.
Your spell library contained the following spells:

 Spells                   Type           Power      Damage    Failure   Level
 Animate Armour           Summ/Erth      0%         N/A       99%         4
 Blade Hands              Tmut           0%         N/A       100%        5
 Iron Shot                Conj/Erth      0%         9d1       100%        6


Dungeon Overview and Level Annotations

Branches:
Dungeon (2/15)

Altars:


Innate Abilities, Weirdness & Mutations

You are too large for most types of armour.
You have claws for hands.
Your natural rate of healing is unusually fast.
You are covered in fur. (AC +1)
You have tough skin. (AC +1)


Message History

You kill the kobold!
No target in view!
No target in view!
No target in view!
No target in view!
No target in view!
No target in view!
No target in view!
k - a fizzy emerald potion
Things that are here:
a +0 whip; a stone
Things that are here:
a +0 whip; a stone
Found a mace.
A hobgoblin comes into view.
A hobgoblin is nearby!
An orc comes into view. It is wielding a +0 club.
An orc warrior comes into view. It is wielding a +0 long sword.
The helpless hobgoblin fails to defend itself.
You claw the hobgoblin!
You kill the hobgoblin!
The orc warrior shouts!
An orc wizard comes into view. It is wielding a +0 dagger.
The orc wizard shouts!
The orc wizard mumbles some strange words.
The orc wizard flickers and vanishes!
Deactivating autopickup; reactivate with Ctrl-A.
The orc shouts!
You see here a +0 mace.
You closely miss the orc warrior.
The orc warrior hits you with a +0 long sword!!
Ouch! That really hurt!
You claw the orc warrior!
The orc warrior is moderately wounded.
The orc warrior hits you with a +0 long sword!
* * * LOW HITPOINT WARNING * * *
You claw the orc warrior! You claw the orc warrior.
The orc warrior is severely wounded.
The orc warrior hits you with a +0 long sword.
You die...

#...............[..
#.......)..#.......
#........#.....#.#
##......##....#...#...
##
####..###........#...
...#
######....#.......
.....##
#.....#####.....
#....##...............
#.@o...#...#.......
####...#...........
#...#.#.#..o....
#.).#...........
#...#..#........
#...............
##########..#### #..#
#..#


You could see an orc warrior.

Vanquished Creatures
  An adder (D:2)
  A dart slug (D:1)
  7 ball pythons
  An endoplasm (D:1)
  A giant cockroach (D:1)
  3 goblins (D:1)
  5 hobgoblins
  4 jackals (D:1)
  6 kobolds
  3 quokkas (D:1)
  5 bats
  A frilled lizard (D:1)
  2 rats
40 creatures vanquished.

Notes
Turn   | Place    | Note
-------+----------+-------------------------------------------
     0 | D:1      | MiltankisOP the Troll Monk began the quest for the Orb.
     0 | D:1      | Reached XP level 1. HP: 22/22 MP: 0/0
   179 | D:1      | Reached XP level 2. HP: 29/29 MP: 1/1
   510 | D:1      | Reached skill level 4 in Unarmed Combat
   515 | D:1      | Reached XP level 3. HP: 28/36 MP: 2/2
   587 | D:1      | Found a faded altar of an unknown god.
  1086 | D:2      | You fall into a shaft and drop 2 floors!
  1107 | D:4      | Noticed an orc warrior
  1125 | D:4      | HP: 1/36 [orc warrior/+0 long sword (15)]
  1126 | D:4      | Slain by an orc warrior

Illustrated notes

Levels and vault maps discovered:
D:1:      lightli_arrival_statue_moat, layout_basic,
          ebering_ecumenical_altar_box
D:2:      layout_basic
D:4:      gammafunk_steamed_eel, layout_cave_pods, serial_shops,
          nicolae_shop_stone, hangedman_decor_lopped, roderic_batcave,
          corexii_shack

Skill      XL: |  1  2 |
---------------+-------+-----
Unarmed Combat | 4 |  4.5
Fighting       | |  2.4
Dodging        | |  2.4
Stealth        | |  1.1

Action                   || total
-------------------------++-------
Melee: Unarmed           ||    92
       Punch             ||     1
 Stab: Sleeping          ||     2
Armor: Robe              ||    33
Dodge: Dodged            ||    44
